 Dungeon Crawl Stone Soup version 0.31.0-11-ge490571c62 (webtiles) character file.

Game seed: 15785492943311549946

49 qw the Shooter (level 3, -6/20 HPs)
             Began as a Deep Elf Hunter on Feb 3, 2024.
             Mangled by a gnoll
             ... wielding a +0 spear
              (8 damage)
             ... on level 2 of the Dungeon.
             The game lasted 00:00:17 (611 turns).

qw the Shooter (Deep Elf Hunter)                     Turns: 611, Time: 00:00:17

Health: -6/20      AC:  6    Str: 10    XL:     3   Next: 53%
Magic:  5/5        EV:  9    Int: 13    God:
Gold:   76         SH:  0    Dex: 18    Spells: 2/2 levels left

rFire   . . .        a - +1 shortbow
rCold   . . .        (shield currently unavailable)
rNeg    . . .        g - +0 scale mail
rPois   .            (no helmet)
rElec   .            (no cloak)
rCorr   .            (no gloves)
SInv    .            (no boots)
Will    .....        (no amulet)
Stlth   +            d - +4 ring of slaying {mikee}
HPRegen 0.23/turn    (no ring)
MPRegen 0.09/turn

%: no passive effects
@: no status effects
A: no striking features
a: no special abilities


You were on level 2 of the Dungeon.
You visited 1 branch of the dungeon, and saw 2 of its levels.

You collected 76 gold pieces.


   Skills:
 - Level 1.5 Fighting
 + Level 7.1 Ranged Weapons
 - Level 2.4 Dodging
 - Level 1.2 Stealth


You had 2 spell levels left.
You didn't know any spells.
Your spell library was empty.

Inventory:

Hand Weapons
 a - a +1 shortbow (weapon)
Armour
 g - a +0 scale mail (worn)
Jewellery
 d - a +4 ring of slaying (left hand) {mikee}
Scrolls
 f - 2 scrolls of identify
Potions
 b - a potion of enlightenment {unknown}
 c - a potion of might {unknown}

Dungeon Overview and Level Annotations

Branches:
Dungeon (2/15)

Altars:


Message History

You hear a shout! x2
You shoot an arrow. The arrow barely misses the gnoll.
A hobgoblin comes into view.
A gnoll comes into view. It is wielding a +0 spear.
You shoot an arrow. The arrow hits the gnoll.
The gnoll is lightly wounded.
You shoot an arrow. The arrow closely misses the gnoll.
The gnoll hits you from afar with a +0 spear.
A gnoll comes into view. It is wielding a +0 whip.
The gnoll hits you but does no damage.
604 ||| RETREEEEATING.
The hobgoblin attacks as it pursues you!
The hobgoblin hits you but does no damage.
The gnoll attacks as it pursues you! The gnoll barely misses you.
You shoot an arrow. The gnoll shouts!
The arrow hits the hobgoblin!
You kill the hobgoblin!
The gnoll hits you from afar with a +0 spear.
You shoot an arrow. The arrow hits the gnoll.
The gnoll is severely wounded.
A gnoll comes into view. It is wielding a +0 hand axe.
You shoot an arrow.
The arrow hits the gnoll but does no damage.
The gnoll hits you but does no damage.
You shoot an arrow. The arrow barely misses the gnoll.
The arrow hits the gnoll!
You kill the gnoll!
The gnoll hits you from afar with a +0 spear!
Your Ranged Weapons skill increases to level 7!
609 ||| RETREEEEATING.
The gnoll closely misses you.
You see here a hobgoblin corpse.
You shoot an arrow. The arrow completely misses the gnoll.
The arrow hits the gnoll.
The gnoll is moderately wounded.
The gnoll hits you with a +0 spear.
You shoot an arrow. The arrow hits the gnoll.
The gnoll is heavily wounded.
The gnoll barely misses you. The gnoll hits you with a +0 spear!
You die...

# .. ... .... .....
############......
..........@gg..)..
#########..###......
........)..# ##.#+
########...#
#..........#
#.######.#.# #.#
#.#... ... #.#####
#.# #.# #.#


You could see 2 gnolls.

Vanquished Creatures
  A gnoll (D:2)
  A dart slug (D:1)
  4 ball pythons (D:1)
  An endoplasm (D:1)
  3 giant cockroaches (D:1)
  5 goblins
  5 hobgoblins
  2 quokkas (D:1)
  2 bats (D:1)
  2 frilled lizards
  5 kobolds (D:1)
  3 rats (D:1)
34 creatures vanquished.

Notes
Turn   | Place    | Note
-------+----------+-------------------------------------------
     0 | D:1      | qw the Deep Elf Hunter began the quest for the Orb.
     0 | D:1      | Reached XP level 1. HP: 12/12 MP: 3/3
     0 | D:1      | 0 ||| qw: Version: 0.3-a-155-g5e7d8dd
     0 | D:1      | 0 ||| qw: Game counter: 3421
     0 | D:1      | 0 ||| qw: Melee chars always use a shield: true
     0 | D:1      | 0 ||| qw: God list: Okawaru
     0 | D:1      | 0 ||| qw: Allow faded altars: false
     0 | D:1      | 0 ||| qw: Do Orc after clearing Dungeon:15 true
     0 | D:1      | 0 ||| qw: Do second Lair branch before Depths: true
     0 | D:1      | 0 ||| qw: Lair rune preference: random
     0 | D:1      | 0 ||| qw: Goals: Normal
     0 | D:1      | 0 ||| PLANNING D:1-11
    82 | D:1      | Reached XP level 2. HP: 16/16 MP: 4/4
    92 | D:1      | Reached skill level 6 in Ranged Weapons
   269 | D:1      | Reached XP level 3. HP: 20/20 MP: 5/5
   511 | D:1      | 511 ||| UPGRADING to +0 scale mail.
   521 | D:1      | 521 ||| DROPPING +0 leather armour.
   522 | D:1      | 522 ||| UPGRADING to +4 ring of slaying {mikee}.
   523 | D:1      | 523 ||| READING scroll labelled GOQONY FOIXOPT.
   523 | D:1      | 523 ||| ENCHANTING +0 shortbow.
   524 | D:1      | 524 ||| READING 3 scrolls labelled XEPNYHE DYDE.
   524 | D:1      | 524 ||| IDENTIFYING scroll labelled BUOSEMP MEAMM
   525 | D:1      | 525 ||| DROPPING scroll of butterflies.
   526 | D:1      | 526 ||| DROPPING scroll of noise.
   604 | D:2      | 604 ||| RETREEEEATING.
   609 | D:2      | Reached skill level 7 in Ranged Weapons
   609 | D:2      | 609 ||| RETREEEEATING.
   610 | D:2      | HP: 2/20 [gnoll/+0 spear (5)]
   611 | D:2      | Mangled by a gnoll

Levels and vault maps discovered:
D:1:      psy_arrival_fountain, layout_rooms
D:2:      layout_basic

Skill      XL: |  1  2  3 |
---------------+----------+-----
Ranged Weapons | 6 7 |  7.1
Fighting       | |  1.5
Dodging        | |  2.4
Stealth        | |  1.2

Action                     || total
---------------------------++-------
   Fire: Shortbow          ||    97
    Use: Scroll            ||     2
 Armour: Leather armour    ||    14
         Scale mail        ||     8
  Dodge: Dodged            ||    21

Table legend:
 A = Non-vault XP
 B = Vault XP
 C = Vault XP percentage of total XP
 D = Non-vault monster count
 E = Vault monster count
 F = Vault count percentage of total count
                 A         B        C        D         E       F
            +---------+---------+-------+---------+---------+-------
      Total |      71 |       0 |   0.0 |      34 |       0 |   0.0
            +---------+---------+-------+---------+---------+-------
        D:1 |      51 |       0 |   0.0 |      29 |       0 |   0.0
        D:2 |      20 |       0 |   0.0 |       5 |       0 |   0.0
            +---------+---------+-------+---------+---------+-------
